 Dungeon Crawl Stone Soup version 0.30-a0-576-g89cddaab80 (webtiles) character file.

Game seed: 14828028904168566816

41 lunkers the Cudgeller (level 4, -7/36 HPs)
             Began as a Meteoran Reaver on Dec 31, 2022.
             Killed from afar by Natasha (9 damage)
             ... with a magic dart
             ... on level 2 of the Dungeon.
             The game lasted 00:01:36 (603 turns).

lunkers the Cudgeller (Meteoran Reaver)              Turns: 603, Time: 00:01:37

Health: -7/36      AC:  6    Str: 15    XL:     4   Next: 1%
Magic:  9/9        EV: 10    Int: 14    God:
Gold:   68         SH:  0    Dex: 13    Spells: 5/8 levels left

rFire   . . .      SeeInvis .    a - +0 mace
rCold   . . .      Faith    .    (no shield)
rNeg    . . .      Spirit   .    f - +0 scale mail
rPois   .          Reflect  .    (no helmet)
rElec   .          Harm     .    (no cloak)
rCorr   .          Rampage  .    (no gloves)
Will    .....                    (no boots) Stlth
                                 (no amulet)
HPRegen 0.26/turn                (no ring)
MPRegen 0.11/turn                (no ring)

@: slowed, glowing, very slow
A: sense surroundings 1, otherworldly, glowing, explore regen
a: no special abilities


You were on level 2 of the Dungeon.
You visited 1 branch of the dungeon, and saw 2 of its levels.

You collected 68 gold pieces.

Inventory:

Hand Weapons
 a - a +0 mace (weapon)
Armour
 b - a +0 leather armour
 f - a +0 scale mail (worn)
Potions
 c - a potion of haste {unknown}


   Skills:
 - Level 2.1 Fighting
 + Level 4.9 Maces & Flails
 - Level 2.4 Dodging
 - Level 2.6 Spellcasting
 + Level 4.4 Conjurations
 + Level 1.2 Translocations


You had 5 spell levels left.
You knew the following spells:

 Your Spells              Type           Power      Damage    Failure   Level
b - Momentum Strike       Conj/Tloc      18%        3d8       41%         2
p - Kiss of Death         Conj/Necr      32%        2d7       36%         1

Your spell library contained the following spells:

 Spells                   Type           Power      Damage    Failure   Level
 Hailstorm                Conj/Ice       8%         3d4       75%         3


Dungeon Overview and Level Annotations

Branches:
Dungeon (2/15) Zot: 579

Altars:
Yredelemnul

Annotations:
D:2 Natasha, Terence


Innate Abilities, Weirdness & Mutations

You passively map a small area around you.
You are easily found by Zot.
You glow in the dark.
You regain HP and MP as you explore.


Message History

* * * LOW HITPOINT WARNING * * *
The adder skeleton bites you but does no damage.
Unknown command.
You hit Natasha.
Natasha is almost dead.
The withered plant crumbles away.
The crimson imp shouts, "Give up, thou spongy swag-bellied bloater!"
Natasha claws you!
* * * LOW HITPOINT WARNING * * *
The ball python simulacrum bites the withered plant.
The ball python simulacrum freezes the withered plant.
The ball python simulacrum grabs the withered plant.
The ball python simulacrum constricts the withered plant.
The shadow imp barely misses you. The adder skeleton bites you.
* * * LOW HITPOINT WARNING * * *
Natasha claws you but does no damage.
Unknown command.
You closely miss Natasha.
Natasha is almost dead.
The white imp disappears in a puff of smoke!
The withered plant crumbles away.
The ball python simulacrum loses its grip on the withered plant.
The adder skeleton closely misses you. The shadow imp barely misses you.
The crimson imp blinks!
Natasha claws you.
* * * LOW HITPOINT WARNING * * *
The adder skeleton bites you.
* * * LOW HITPOINT WARNING * * *
The shadow imp misses you.
The adder zombie bites you but does no damage.
Unknown command.
You hit Natasha but do no damage.
Natasha is almost dead.
The adder skeleton bites you but does no damage.
Natasha closely misses you.
The crimson imp blinks!
The shadow imp lashes its tail.
The shadow imp barely misses you.
The adder zombie bites you but does no damage.
Natasha casts a spell at you. The magic dart hits you!
You die...

♣♣PP♣P♣♣...#.#
P...P.P♣.###.###
♣:8)..P♣##.....# ,
....P♣♣>.....# , , ,
.....♣......#
*♣5..♣♣.#+##### , , , ,
♣ZZZ♣........* * ,
♣ZhZ♣.......^ , , ,
♣P@P♣........ ,
♣P.5♣........
,♣♣P.......... ...... ,, .
, ♣♣..........* .....#
.....######+#.......
.....##....................
.....#.............@#######
.....#..............#
.....#..............#


You could see Natasha, a crimson imp (summoned), a shadow imp (summoned), a ball
python simulacrum, an adder zombie, a quokka zombie, a ball python skeleton and
an adder skeleton.

Vanquished Creatures
  An adder (D:2)
  A worm (D:2)
  A dart slug (D:1)
  5 ball pythons
  A bat (D:1)
  A bat skeleton (D:2)
  4 endoplasms
  A giant cockroach (D:1)
  A goblin (D:1)
  A hobgoblin (D:2)
  3 jackals (D:2)
  A kobold (D:1)
  A quokka (D:1)
  A frilled lizard (D:1)
23 creatures vanquished.

Vanquished Creatures (others)
  5 withered plants (D:2)
5 creatures vanquished.

Grand Total: 28 creatures vanquished

Notes
Turn   | Place    | Note
-------+----------+-------------------------------------------
     0 | D:1      | lunkers the Meteoran Reaver began the quest for the Orb.
     0 | D:1      | Reached XP level 1. HP: 17/17 MP: 5/5
    98 | D:1      | Reached XP level 2. HP: 16/24 MP: 6/6
   101 | D:1      | Learned a level 2 spell: Momentum Strike
   450 | D:2      | Reached XP level 3. HP: 23/29 MP: 8/8
   487 | D:2      | Found a basalt altar of Yredelemnul.
   500 | D:2      | Reached skill level 1 in Translocations
   529 | D:2      | Noticed Terence
   591 | D:2      | Noticed Natasha
   592 | D:2      | Found the +4 dagger "Morg" {pain, Will+ Int+5}
   595 | D:2      | Reached XP level 4. HP: 36/36 MP: 9/9
   602 | D:2      | HP: 1/36 [adder skeleton (3)]
   603 | D:2      | Killed from afar by Natasha

Illustrated notes

Levels and vault maps discovered:
D:1:      minmay_arrival_loop, layout_basic
D:2:      layout_basic, basic_altar, ebering_ecumenical_altar_hall,
          minmay_misc_feat_rows, mrwooster_statue_mirror, grunt_ministairs_4,
          dilly_guarded_unrand_morg, uniq_terence, uniq_sigmund

Skill      XL: |  1  2  3 |
---------------+----------+-----
Conjurations   | 4 |  4.4
Translocations | 1 |  1.2
Fighting       | |  2.1
Maces & Flails | |  4.9
Dodging        | |  2.4
Spellcasting   | |  2.6

Action                   |  1- 3 |  4- 6 || total
-------------------------+-------+-------++-------
Melee: Mace              |    83 |     7 ||    90
       Punch             |     1 |       ||     1
 Cast: Momentum Strike   |     1 |       ||     1
  Use: Scroll            |     2 |       ||     2
Armor: Leather armour    |    18 |       ||    18
       Scale mail        |    27 |     8 ||    35
Dodge: Dodged            |    46 |     6 ||    52

Table legend: (Time is in decaauts)
 A = Elapsed time spent in this place.
 B = Non-inter-level travel time spent in this place.
 C = Inter-level travel time spent in this place.
 D = Time resting spent in this place.
 E = Time spent auto-exploring this place.
 F = Levels seen in this place.
 G = Mean time per level.
                   A        B        C        D        E       F      G
               +--------+--------+--------+--------+--------+-----+--------+
         Total |    618 |    611 |      7 |      0 |    402 |   2 |  309.0 |
       Dungeon |    618 |    611 |      7 |      0 |    402 |   2 |  309.0 |
               +--------+--------+--------+--------+--------+-----+--------+

Top non-repeatable levels by time:
     D:1: 374 daAuts
     D:2: 244 daAuts
